Map: Bel'Shir Vestige LE (Void)

Players

Perilous

  • Race: Zerg Zerg
  • League: Master
  • Spawn Location: 11:00

Railgan - Winner!

  • Race: Zerg Zerg
  • League: Grandmaster
  • Spawn Location: 5:00

VOD

Have the link to the VOD?

Description

Time

  • Played on: Feb. 22, 2017, 4:04 p.m.
  • Length: 11:28
Show
View Real Time Build Order
Export as new Build Order

Perilous Zerg 

Build Orders: Hatch First 

Get SALT Encoding   

  12  0:04  Drone  
  13  0:12  Overlord  
  13  0:19  Drone  
  14  0:31  Drone x2  
  16  0:37  Drone  
  17  0:53  Hatchery  
  17  0:56  Drone  
  17  0:58  Drone  
  18  1:10  Extractor  
  17  1:13  Spawning Pool  
  17  1:15  Drone  
  17  1:20  Drone  
  18  1:30  Drone  
  19  1:40  Overlord  
  19  1:59  Queen  
  19  2:01  Drone  
  22  2:04  Drone  
  22  2:05  Queen  
  22  2:06  Drone  
  26  2:12  Metabolic Boost  
  26  2:16  Drone x2  
  28  2:24  Drone  
  28  2:27  Overlord  
  29  2:37  Baneling Nest  
  29  2:38  Zergling x4  
  29  2:43  Queen  
  32  2:51  Drone x2  
  34  2:59  Drone x2  
  36  3:11  Drone x4  
  36  3:12  Drone  
  41  3:13  Zergling x2  
  41  3:14  Zergling x4  
  44  3:28  Overlord x2  
  44  3:41  Evolution Chamber, Drone  
  44  3:42  Roach Warren  
  44  3:47  Drone  
  44  3:48  Extractor, Drone x2  
  45  3:52  Drone x2  
  46  3:58  Baneling x2  
  46  4:03  Lair, Drone x3  
  46  4:08  Zerg Missile Weapons Level 1  
  46  4:09  Drone x4  
  53  4:11  Extractor  
  53  4:12  Overlord  
  52  4:20  Drone x2  
  54  4:25  Extractor  
  54  4:28  Burrow  
  54  4:29  Drone  
  54  4:34  Drone x2  
  56  4:40  Zergling x4  
  56  4:41  Zergling x4  
  56  4:45  Overlord  
  59  4:50  Hatchery  
  58  4:58  Roach x3  
  64  5:05  Roach x6  
  75  5:09  Glial Reconstitution  
  75  5:23  Drone, Overlord x3  
  74  5:45  Roach x8  
  74  5:46  Roach  
  92  5:51  Overlord  
  92  6:00  Roach  
  92  6:01  Zerg Missile Weapons Level 2  
  93  6:16  Overlord  
  93  6:17  Roach x5  
  102  6:23  Drone x2  
  102  6:24  Drone x2  
  105  6:29  Overseer  
  105  6:31  Drone x2  
  107  6:39  Tunneling Claws  
  107  6:40  Overlord x2  
  107  6:41  Roach x3  
  112  6:53  Overlord x2  
  112  6:57  Roach x4  
  112  6:59  Overlord x2  
  112  7:00  Overlord  
  121  7:01  Ravager x2  
  121  7:02  Ravager x2  
  121  7:03  Ravager  
  125  7:22  Overlord x5  
  115  7:28  Extractor  
  115  7:29  Roach x4  
  108  7:30  Extractor  
  100  7:39  Roach x6  
  112  7:49  Roach x4  
  112  7:50  Roach  
  126  7:58  Roach x3  
  126  7:59  Roach  
  130  8:07  Roach x3  
  130  8:08  Roach  
  130  8:09  Roach  
  130  8:12  Drone  
  141  8:14  Roach x3  
  141  8:16  Drone  
  141  8:17  Drone x4  
  146  8:22  Zerg Ground Armor Level 1  
  146  8:26  Roach x2  
  144  8:42  Roach x7  
  144  8:43  Roach  
  160  8:49  Roach x4  
  168  8:57  Roach x4  
  168  9:06  Roach x5  
  168  9:08  Overseer  
  178  9:12  Roach x2  
  180  9:21  Roach x2  
  184  9:29  Hatchery  
  179  9:37  Roach x3  
  179  9:38  Overlord x3  
  185  9:41  Roach x2  
  185  9:42  Hydralisk Den  
  158  10:02  Roach x2  
  158  10:05  Roach x5  
  158  10:06  Roach x10  
  122  10:23  Roach x6  
  122  10:24  Roach  
  122  10:28  Hydralisk  
  134  10:32  Roach x2  
  134  10:34  Roach  
  142  10:41  Hydralisk  
  145  10:47  Roach x8  
  145  10:48  Roach x2  
  123  11:06  Roach x4  
  123  11:08  Hatchery  
Show
View Real Time Build Order
Export as new Build Order

Railgan Zerg - Winner!

Build Orders: Hatch First 

Get SALT Encoding   

  12  0:01  Drone  
  13  0:12  Overlord  
  13  0:19  Drone  
  14  0:31  Drone x2  
  14  0:34  Drone  
  17  0:53  Hatchery  
  17  0:55  Drone  
  17  0:59  Drone  
  18  1:09  Extractor  
  17  1:15  Spawning Pool  
  17  1:16  Drone  
  17  1:19  Drone  
  18  1:32  Drone  
  19  1:39  Overlord  
  19  1:51  Drone  
  20  2:02  Queen  
  20  2:03  Zergling x2  
  20  2:07  Queen  
  20  2:08  Drone  
  26  2:11  Drone  
  26  2:13  Metabolic Boost  
  27  2:20  Drone  
  28  2:24  Drone  
  29  2:33  Drone x2  
  31  2:37  Queen  
  31  2:38  Baneling Nest  
  31  2:42  Overlord  
  32  2:47  Queen  
  32  2:51  Drone  
  35  2:58  Zergling x2  
  35  3:02  Drone x2  
  37  3:06  Overlord  
  37  3:20  Overlord  
  37  3:23  Baneling x2  
  37  3:26  Overlord, Zergling x8  
  41  3:27  Zergling x2  
  41  3:33  Roach Warren  
  41  3:38  Drone x2, Evolution Chamber  
  42  3:43  Drone x2  
  42  3:47  Drone x2  
  46  3:55  Overlord  
  46  3:57  Drone x2  
  46  3:59  Drone  
  49  4:07  Zerg Missile Weapons Level 1  
  49  4:11  Lair  
  49  4:16  Drone x2  
  48  4:17  Drone  
  48  4:18  Drone  
  48  4:22  Drone  
  51  4:26  Extractor  
  51  4:27  Extractor  
  51  4:28  Drone x2  
  51  4:30  Overlord  
  51  4:35  Roach  
  51  4:36  Roach  
  55  4:41  Roach  
  55  4:42  Drone x2  
  55  4:43  Drone  
  55  4:45  Drone  
  59  4:52  Extractor  
  58  4:57  Roach  
  58  4:58  Roach  
  62  5:04  Drone  
  62  5:07  Overlord  
  62  5:08  Roach  
  62  5:09  Roach  
  62  5:12  Roach  
  68  5:15  Glial Reconstitution  
  68  5:21  Overlord x2  
  68  5:26  Overseer  
  68  5:37  Drone x2  
  68  5:42  Roach x3  
  81  5:43  Roach x3  
  81  5:47  Overseer  
  81  5:48  Roach x3  
  87  6:09  Roach  
  87  6:10  Roach  
  91  6:18  Overlord x2  
  91  6:24  Overlord x2  
  91  6:25  Zerg Missile Weapons Level 2  
  91  6:27  Overlord  
  91  6:28  Evolution Chamber  
  90  6:35  Roach  
  90  6:38  Roach x5  
  102  6:43  Hatchery  
  101  6:48  Ravager, Unknown  
  101  6:49  Ravager x3  
  101  6:50  Roach x2  
  109  6:56  Roach x3  
  109  6:57  Drone  
  109  6:59  Overlord  
  116  7:07  Roach x2  
  120  7:13  Roach x2  
  124  7:20  Roach  
  98  7:30  Roach x3  
  98  7:31  Roach x3  
  104  7:39  Roach  
  106  7:45  Roach  
  106  7:46  Roach  
  106  7:48  Zerg Ground Armor Level 1  
  106  7:49  Roach x3  
  116  7:55  Roach  
  118  8:05  Drone x3  
  120  8:06  Drone  
  120  8:09  Overlord  
  120  8:10  Drone  
  120  8:12  Drone x2  
  125  8:15  Overlord  
  125  8:25  Drone  
  125  8:26  Drone x2  
  128  8:28  Roach x3  
  128  8:29  Overlord  
  134  8:39  Roach x4  
  144  8:41  Roach  
  144  8:48  Pneumatized Carapace  
  144  8:49  Roach x4  
  144  8:52  Roach  
  144  8:54  Roach  
  156  8:56  Overlord  
  156  9:02  Roach x3  
  162  9:07  Spine Crawler  
  161  9:10  Roach  
  161  9:15  Roach x7  
  161  9:16  Overlord  
  173  9:28  Roach x2  
  173  9:29  Overlord  
  175  9:34  Drone x3  
  176  9:39  Roach  
  176  9:40  Roach x3  
  176  9:41  Ravager x2  
  186  9:59  Roach  
  178  10:03  Roach  
  160  10:11  Roach x5  
  168  10:14  Roach  
  168  10:15  Roach x6  
  168  10:18  Roach  
  183  10:32  Roach  
  183  10:33  Roach x2  
  189  10:38  Ravager x4  
  189  10:39  Overlord  
  193  10:49  Overlord  
  191  11:04  Roach  
Tags
 
Add a new tag
Caveats
  • Supply blocks, unpowered buildings, or Contaminate may cause inaccurate times.
  • Supply counts are checked every 10 seconds.